 Dungeon Crawl Stone Soup version 0.26-a0-1191-ge2a0e31ab3 (webtiles) character file.

Game seed: 2947621216123233027

132811 KristoblXynda the Fencer (level 16, -1/139 HPs)
             Began as a Pale Draconian Gladiator on Dec 28, 2020.
             Was the Champion of Ashenzari.
             Slain by an alligator (26 damage)
             ... on level 2 of the Swamp.
             The game lasted 00:58:49 (33196 turns).

KristoblXynda the Fencer (DrGl)                    Turns: 33196, Time: 00:58:50

Health: -1/139     AC: 18    Str: 17    XL:     16   Next: 58%
Magic:  28/28      EV: 27    Int: 13    God:    Ashenzari [******]
Gold:   3050       SH: 17    Dex: 19    Spells: 24/32 levels left

rFire    + . .     SeeInvis +   a - +6 scimitar (flame)
rCold    x . .     Faith    .   u - +3 buckler of Beul {Harm rC- Will+++ Dex+4} (curse)
rNeg     . . .     Spirit   .   (armour unavailable)
rPois    +         Reflect  +   d - +2 hat (curse)
rElec    +         Harm     +   Q - +2 cloak {rF+} (curse)
rCorr    .         Rampage  .   l - +1 pair of gloves (curse)
Will     ++++.     Clarity  +   H - +1 pair of boots
Stlth    ++++......             p - amulet of reflection (curse)
HPRegen  0.33/turn              o - ring of poison resistance
MPRegen  0.21/turn              q - ring "Zuid Isahapo" {rElec Slay+4} (curse)

@: short of breath, studying Dodging
A: breathe steam, unfitting armour, cold-blooded, AC +9
a: Breathe Steam, Renounce Religion, Curse Item, Scrying, Transfer Knowledge


You were on level 2 of the Swamp.
You worshipped Ashenzari.
Ashenzari was exalted by your worship.
You visited 6 branches of the dungeon, and saw 27 of its levels.
You also visited: Ossuary, Gauntlet and Volcano.

You collected 3563 gold pieces.
You spent 513 gold pieces at shops.

Inventory:

Hand Weapons
 a - a +6 scimitar of flaming (weapon)
 O - a cursed +2 demon blade of electrocution
Missiles
 c - 2 throwing nets (quivered)
Armour
 d - a cursed +2 hat (worn)
 l - a cursed +1 pair of gloves (worn)
 u - the cursed +3 buckler of Beul (worn) {Harm rC- Will+++ Dex+4}
   (You found it on level 4 of the Dungeon)

   It affects your dexterity (+4).
   It makes you vulnerable to cold.
   It affects your willpower, your defense against some magical effects.
   It increases damage dealt and taken.
   It has a curse placed upon it.
 H - a +1 pair of boots (worn)
 Q - a cursed +2 cloak of fire resistance (worn)
Jewellery
 o - a ring of poison resistance (left hand)
 p - a cursed amulet of reflection (around neck)
 q - the cursed ring "Zuid Isahapo" (right hand) {rElec Slay+4}
   (You found it in a Gauntlet)

   [ring of slaying]

   It affects your accuracy and damage with ranged weapons and melee attacks
   (+4).
   It insulates you from electricity.
   It has a curse placed upon it.
Wands
 t - a wand of acid (21)
 w - a wand of iceblast (7)
 C - a wand of paralysis (19)
 D - a wand of disintegration (4)
 E - a wand of digging (27)
Scrolls
 f - 9 scrolls of teleportation
 h - 7 scrolls of blinking
 n - 2 scrolls of immolation
 s - a scroll of identify
 y - 2 scrolls of amnesia
 z - 2 scrolls of enchant armour
 F - a scroll of fog
 M - 2 scrolls of magic mapping
 P - a scroll of silence
Potions
 b - 7 potions of haste
 e - 2 potions of cancellation
 g - 3 potions of attraction
 i - a potion of ambrosia
 j - 9 potions of flight
 k - 8 potions of might
 m - 19 potions of curing
 v - 3 potions of heal wounds
 x - 2 potions of mutation
 G - a potion of berserk rage
 I - 2 potions of magic
 J - 5 potions of brilliance
 N - 3 potions of invisibility
Books
 r - a manual of Dodging
Miscellaneous
 L - a tin of tremorstones (2/2)
 T - a lightning rod (4/4)
 U - a phial of floods


   Skills:
 + Level 12.0 Fighting
 - Level 15.1 Long Blades
 - Level 2.0 Throwing
 + Level 14.1(16.7) Dodging
 - Level 5.0(8.0) Stealth
 - Level 13.7(16.3) Shields
 + Level 8.9 Spellcasting
 + Level 6.4(9.5) Hexes
 - Level 10.0(12.8) Evocations


You had 24 spell levels left.
You knew the following spells:

 Your Spells              Type           Power        Failure   Level
a - Tukima's Dance        Hex            30%          1%          3
b - Lee's Rapid Deconstr  Erth           3%           96%         5

Your spell library contained the following spells:

 Spells                   Type           Power        Failure   Level
 Corona                   Hex            33%          1%          1
 Confusing Touch          Hex            30%          1%          3
 Ensorcelled Hibernation  Hex/Ice        36%          2%          2
 Cause Fear               Hex            15%          2%          4
 Dazzling Flash           Conj/Hex       36%          4%          3
 Summon Guardian Golem    Hex/Summ       18%          4%          3
 Animate Skeleton         Necr           12%          11%         1
 Apportation              Tloc           12%          11%         1
 Freeze                   Ice            24%          11%         1
 Shock                    Conj/Air       24%          11%         1
 Sting                    Tmut/Pois      24%          11%         1
 Summon Small Mammal      Summ           24%          11%         1
 Call Imp                 Summ           6%           16%         2
 Passwall                 Tmut/Erth      5%           16%         2
 Swiftness                Air            6%           16%         2
 Call Canine Familiar     Summ           6%           32%         3
 Frozen Ramparts          Ice            12%          32%         3
 Ozocubu's Armour         Ice            6%           32%         3
 Static Discharge         Conj/Air       6%           32%         3
 Invisibility             Hex            30%          36%         6
 Silence                  Hex/Air        9%           41%         5
 Yara's Violent Unravell  Hex/Tmut       9%           41%         5
 Airstrike                Air            3%           71%         4
 Hailstorm                Conj/Ice       6%           71%         4
 Passage of Golubria      Tloc           N/A          71%         4
 Summon Ice Beast         Ice/Summ       6%           71%         4
 Summon Lightning Spire   Summ/Air       6%           71%         4
 Bolt of Magma            Conj/Fire/Erth 3%           96%         5
 Iskenderun's Battlesphe  Conj           6%           96%         5
 Lightning Bolt           Conj/Air       3%           96%         5
 Conjure Ball Lightning   Conj/Air       3%           100%        6
 Iron Shot                Conj/Erth      3%           100%        6
 Starburst                Conj/Fire      3%           100%        6
 Orb of Destruction       Conj           3%           100%        7
 Spellforged Servitor     Conj/Summ      3%           100%        7
 Discord                  Hex            15%          100%        8


Dungeon Overview and Level Annotations

Branches:
Dungeon (15/15)            Temple (1/1) D:6            Lair (6/6) D:9
  Swamp (2/4) Lair:4        Snake (1/4) Lair:3        Slime (0/5) Lair:6
    Orc (2/2) D:9             Elf (0/3) Orc:2        Vaults (0/5) D:14
 Depths (0/5) D:15        Ossuary (visited)         Volcano (visited)
Gauntlet (visited)

Altars:
Ashenzari
Cheibriados
Dithmenos
Elyvilon
Fedhas
Gozag
Hepliaklqana
Kikubaaqudgha
Makhleb
Nemelex Xobeh
Okawaru
Qazlal
Ru
Sif Muna
Trog
Uskayaw
Vehumet
Wu Jian
Xom
Yredelemnul
Zin
The Shining One
Jiyva

Shops:
D:4 !   D:8 :   D:15 [   Orc:2 *[:(

Portals:
Trove: D:10 (give +2 gold dragon scales)


Innate Abilities, Weirdness & Mutations

You can breathe blasts of scalding, opaque steam.
Your pale cyan-grey scales are hard. (AC +9)
You cannot fit into any form of body armour.
You are cold-blooded and may be slowed by cold attacks.


Message History

Aim: an eleionoma You exhale a blast of scalding steam.
The ball of steam hits the alligator!
The alligator is lightly wounded.
The ball of steam hits the eleionoma.
The eleionoma is lightly wounded.
The alligator is engulfed in a cloud of scalding steam.
You block the alligator's attack. The alligator tail-slaps you.
* * * LOW HITPOINT WARNING * * *
You completely miss the alligator.
The alligator is moderately wounded.
The alligator is engulfed in a cloud of scalding steam.
You block the alligator's attack. The alligator tail-slaps you!
* * * LOW HITPOINT WARNING * * *
The eleionoma is engulfed in a cloud of scalding steam.
The eleionoma melds with the trees.
You slice the alligator!! You burn the alligator. You tail-slap the alligator.
The alligator is almost dead.
The alligator is engulfed in a cloud of scalding steam.
The alligator bites you!!
You die...

** ♣♣♣ ♣♣♣ ,, *
♣..♣♣ ♣.♣ *≈ ,
♣.♣.♣♣ ..♣ ,*
*♣≈.R♣♣♣ ♣≈♣ *
** ♣.@...♣♣ ♣≈♣
*...♣♣♣♣♣(t≈≈≈≈♣
♣.♣♣
*.≈...≈$.§§≈≈≈.♣
≈≈.♣
*.≈≈♣≈§§§§≈≈≈..♣
≈.♣♣
*...$.≈§≈♣.≈≈.♣♣
t≈♣ *
.≈≈≈≈♣§≈≈≈≈≈.♣
i.♣ *
≈≈≈≈§≈.≈≈≈♣≈≈≈♣
≈w♣♣ ,
≈≈♣♣≈≈.≈♣≈...♣♣
≈≈≈♣ ≈.
≈...§≈≈.♣.♣*


You could see an eleionoma and an alligator (swift).

Vanquished Creatures
  Rupert (Lair:3)
  Frances (Lair:4)
  Kirke (D:14)
  Donald (Lair:4)
  2 dire elephants
  A red draconian (Volcano)
  A minotaur (Gauntlet)
  2 eleionomae (Swamp:1)
  The ghost of Oriqi the Grappler, a journeyman DrTm of Ru (D:12)
  A death ooze (Gauntlet)
  A fire dragon (Lair:6)
  Erolcha (Orc:1)
  Fannar (Lair:2)
  A yaktaur captain (D:15)
  4 vault guards (D:14)
  8 boulder beetles
  2 catoblepae (Lair:6)
  10 hydras
  A centaur warrior (D:15)
  An ogre mage (D:15)
  5 two-headed ogres
  18 death yaks
  4 alligators
  6 orc high priests
  A deep elf knight (D:15)
  A goliath frog (Swamp:1)
  A salamander mystic (Volcano)
  2 spriggan druids (Swamp:1)
  3 unseen horrors
  An unseen horror (shapeshifter) (D:13)
  A swamp dragon (Lair:6)
  A bog body (Swamp:1)
  A deep troll (D:15)
  3 orc knights
  A lindwurm (Lair:6)
  5 oklob plants
  21 ugly things
  A deep elf mage (D:15)
  4 salamanders (Volcano)
  A will-o-the-wisp (Swamp:1)
  An orc sorcerer (Orc:2)
  2 cyclopes (D:13)
  4 manticores
  11 elephants
  6 black mambas
  18 cane toads
  A gargoyle (D:14)
  4 kobold demonologists (D:12)
  An efreet (D:14)
  A rime drake (shapeshifter) (D:13)
  6 rime drakes
  Maggie (D:10)
  8 komodo dragons
  A yaktaur (shapeshifter) (D:13)
  9 trolls
  3 tyrant leeches (Swamp:1)
  4 polar bears
  A harpy skeleton (D:15)
  16 blink frogs
  4 hornets
  8 slime creatures
  A meliai zombie (D:14)
  5 spriggans
  A shadow (D:11)
  42 yaks
  A hog (D:14)
  3 wraiths
  10 wyverns
  4 basilisks
  3 steam dragons
  11 vampire mosquitoes
  A soldier ant (D:13)
  4 wargs
  7 swamp worms
  23 water moccasins
  3 acid dragons
  3 ice beasts
  24 orc warriors
  6 swamp drakes
  2 eyes of draining
  5 black bears
  A necrophage (D:6)
  3 sky beasts
  2 phantoms
  10 ogres
  13 centaurs
  18 wolves
  25 bullfrogs
  9 big kobolds
  6 scorpions
  A water moccasin skeleton (D:10)
  3 killer bees (D:12)
  17 wights
  9 electric eels
  4 howler monkeys
  2 centaur zombies
  4 bullfrog zombies
  4 jellies
  A quasit (D:11)
  26 orc priests
  11 hounds
  23 orc wizards
  Crazy Yiuf (D:2)
  A bullfrog skeleton (D:12)
  A gnoll shaman (D:8)
  Natasha (thrice) (D:2)
  Terence (D:2)
  7 iguanas
  13 worker ants
  4 hell rats (Lair:4)
  2 big kobold zombies (Ossuary)
  A hound zombie (D:7)
  2 mummies (Ossuary)
  3 gnolls (D:8)
  16 adders
  2 shadow imps
  4 white imps
  2 ufetubi
  3 oozes
  5 adder skeletons
  5 adder zombies
  2 worms (D:3)
  3 dart slugs
  5 leopard geckos
  73 orcs
  5 giant cockroaches
  3 gnoll zombies (Ossuary)
  9 goblins
  8 hobgoblins
  4 jackals
  10 kobolds
  A quokka (D:2)
  A ball python (D:1)
  11 bats
  3 frilled lizards
  4 hobgoblin zombies (Ossuary)
  5 kobold zombies (Ossuary)
  4 orc zombies (Ossuary)
  2 quokka skeletons (D:4)
  12 rats
825 creatures vanquished.

Vanquished Creatures (others)
  A big kobold (D:12)
  An iguana (Lair:6)
  3 demonic plants (Gauntlet)
  A fire vortex (Lair:5)
  4 foxfires (Swamp:1)
  23 fungi
  50 plants
83 creatures vanquished.

Grand Total: 908 creatures vanquished

Notes
Turn   | Place    | Note
-------+----------+-------------------------------------------
     0 | D:1      | KristoblXynda the Draconian Gladiator began the quest for
                  | the Orb.
     0 | D:1      | Reached XP level 1. HP: 17/17 MP: 1/1
    88 | D:1      | Reached XP level 2. HP: 25/25 MP: 2/2
  1029 | D:2      | Reached XP level 3. HP: 30/30 MP: 3/3
  1745 | D:2      | Reached XP level 4. HP: 38/38 MP: 4/4
  1815 | D:2      | Reached skill level 4 in Long Blades
  2001 | D:2      | Noticed Terence
  2058 | D:2      | Killed Terence
  2171 | D:2      | Noticed Natasha
  2181 | D:2      | Killed Natasha
  2288 | D:2      | Found a runed translucent door.
  2289 | D:2      | Noticed Crazy Yiuf
  2387 | D:2      | Noticed Natasha
  2395 | D:2      | Killed Natasha
  2396 | D:2      | Reached XP level 5. HP: 42/45 MP: 5/5
  2441 | D:2      | Noticed Natasha
  2447 | D:2      | Killed Natasha
  2618 | D:2      | Killed Crazy Yiuf
  2937 | D:3      | Reached skill level 5 in Long Blades
  3155 | D:3      | Reached XP level 6. HP: 52/52 MP: 6/6
  3816 | D:4      | Got an ancient buckler
  4006 | D:4      | Found Onuvum's Distillery.
  4042 | D:4      | Reached skill level 1 in Shields
  4046 | D:4      | Bought a potion of heal wounds for 65 gold pieces
  4046 | D:4      | Bought a potion of curing for 39 gold pieces
  4120 | D:4      | Reached skill level 6 in Long Blades
  4120 | D:4      | Your scales start taking on a pale cyan-grey colour.
  4120 | D:4      | Reached XP level 7. HP: 59/59 MP: 7/7
  4213 | D:5      | Entered Level 5 of the Dungeon
  4222 | D:5      | Identified the +3 buckler of Beul {Harm rC- Will+++ Dex+4}
                  | (You found it on level 4 of the Dungeon)
  4597 | D:5      | Found a sacrificial altar of Ru.
  4635 | D:5      | Found a sand-covered staircase.
  4640 | Ossuary  | Entered an ossuary
  5475 | D:6      | Found a staircase to the Ecumenical Temple.
  5491 | D:6      | Reached skill level 7 in Long Blades
  5497 | Temple   | Entered the Ecumenical Temple
  5697 | Temple   | Became a worshipper of Ashenzari the Shackled
  5866 | D:6      | Reached skill level 5 in Dodging
  5866 | D:6      | Reached XP level 8. HP: 48/66 MP: 8/8
  6188 | D:6      | Reached skill level 8 in Long Blades
  6756 | D:7      | Reached skill level 5 in Shields
  6756 | D:7      | Reached XP level 9. HP: 68/71 MP: 9/9
  6886 | D:7      | Reached skill level 9 in Long Blades
  7463 | D:8      | Noticed a two-headed ogre
  7479 | D:8      | Killed a two-headed ogre
  7743 | D:8      | Reached skill level 10 in Long Blades
  8318 | D:8      | Found Myveudaj's Book Boutique.
  8503 | D:9      | Noticed a two-headed ogre
  8508 | D:9      | Killed a two-headed ogre
  8509 | D:9      | Reached XP level 10. HP: 80/80 MP: 10/10
  8538 | D:8      | Reached skill level 5 in Fighting
  8615 | D:9      | Reached * piety under Ashenzari
  8615 | D:9      | Found a staircase to the Orcish Mines.
  8686 | D:9      | Reached skill level 11 in Long Blades
  8920 | D:9      | Found a stormy altar of Qazlal.
  8993 | D:9      | Reached skill level 10 in Shields
  9020 | D:9      | Found a staircase to the Lair.
  9301 | D:10     | Entered Level 10 of the Dungeon
  9308 | D:10     | Reached XP level 11. HP: 79/91 MP: 11/11
  9384 | D:10     | Found a portal to a secret trove of treasure.
  9445 | D:10     | Noticed Maggie
  9458 | D:10     | Killed Maggie
 10229 | D:11     | Killed an unseen horror
 10567 | D:11     | Noticed a six-headed hydra
 10584 | D:11     | Killed a seven-headed hydra
 10635 | D:11     | Noticed a boulder beetle
 10746 | D:11     | Noticed a purple ugly thing
 10758 | D:11     | Killed a purple ugly thing
 10786 | D:11     | Killed a boulder beetle
 11177 | D:11     | Noticed a green ugly thing
 11184 | D:11     | Killed a green ugly thing
 11185 | D:11     | Reached skill level 12 in Long Blades
 11277 | D:11     | Noticed a two-headed ogre
 11294 | D:11     | Killed a two-headed ogre
 11579 | D:11     | Found a white marble altar of Elyvilon.
 12044 | D:12     | Found a shimmering blue altar of Sif Muna.
 12220 | D:12     | Found a runed translucent gate.
 12221 | D:12     | Identified the +6 dagger of Gozag's Approval {chaos, rC++
                  | Str-4 Int+5}
 12224 | D:12     | Reached XP level 12. HP: 103/103 MP: 12/12
 12225 | D:12     | Noticed Oriqi's ghost (journeyman DrTm)
 12294 | D:12     | Found a runed translucent gate.
 12294 | D:12     | Found a runed translucent gate.
 12308 | D:12     | Identified the +9 dagger of False Accusations {elec, +Blink
                  | SInv}
 12324 | D:12     | Killed Oriqi's ghost
 12554 | D:12     | Noticed a six-headed hydra
 12562 | D:12     | Killed a six-headed hydra
 12740 | D:12     | Noticed a boulder beetle
 12766 | D:12     | Killed a boulder beetle
 12767 | D:12     | Reached skill level 10 in Dodging
 12878 | D:12     | Reached ** piety under Ashenzari
 13329 | D:13     | Noticed a boulder beetle
 13344 | D:13     | Killed a boulder beetle
 13585 | D:13     | Noticed a two-headed ogre
 13588 | D:13     | Reached skill level 10 in Fighting
 13600 | D:13     | Reached skill level 13 in Long Blades
 13610 | D:13     | Killed a two-headed ogre
 13718 | D:13     | Reached skill level 1 in Evocations
 13753 | D:13     | Noticed a boulder beetle
 13888 | D:13     | Killed a boulder beetle
 14276 | D:13     | Reached XP level 13. HP: 102/113 MP: 13/13
 14354 | D:13     | Reached skill level 1 in Spellcasting
 15278 | D:14     | Noticed Kirke
 15340 | D:14     | Reached skill level 1 in Stealth
 15400 | D:14     | Found a gate to the Vaults.
 15802 | D:14     | Killed Kirke
 16054 | D:15     | Entered Level 15 of the Dungeon
 16068 | D:15     | Reached skill level 5 in Evocations
 16090 | D:15     | Found a staircase to the Depths.
 16378 | D:15     | Reached skill level 14 in Long Blades
 16650 | D:15     | Reached skill level 5 in Stealth
 16650 | D:15     | Reached XP level 14. HP: 66/121 MP: 16/16
 16878 | D:15     | Found Nomagehu's Armour Shop.
 17683 | Lair:1   | Entered Level 1 of the Lair of Beasts
 17761 | Lair:1   | Reached *** piety under Ashenzari
 18562 | Lair:2   | Noticed Fannar
 18585 | Lair:2   | Killed Fannar
 19064 | Lair:2   | Learned a level 3 spell: Tukima's Dance
 20264 | Lair:3   | Found a staircase to the Snake Pit.
 20331 | Lair:3   | Reached **** piety under Ashenzari
 20606 | Lair:3   | Noticed Rupert
 20623 | Lair:3   | Killed Rupert
 20624 | Lair:3   | Reached skill level 5 in Spellcasting
 21406 | Snake:1  | Entered Level 1 of the Snake Pit
 21600 | Lair:4   | Reached ***** piety under Ashenzari
 21654 | Lair:4   | Reached XP level 15. HP: 84/126 MP: 23/23
 21663 | Lair:4   | Reached skill level 15 in Long Blades
 22729 | Lair:4   | Found a staircase to the Swamp.
 22927 | Lair:5   | Reached skill level 1 in Hexes
 22929 | Lair:5   | Identified a scroll of acquirement
 22929 | Lair:5   | Acquired a cursed +2 demon blade of electrocution
 24145 | Lair:6   | Entered Level 6 of the Lair of Beasts
 24387 | Lair:6   | Reached skill level 10 in Evocations
 25209 | Lair:6   | Identified the Almanac of Envenoming and Attacks
 25356 | Lair:6   | Found a viscous altar of Jiyva.
 25544 | Lair:6   | Found a staircase to the Slime Pits.
 27211 | Orc:1    | Entered Level 1 of the Orcish Mines
 27214 | Orc:1    | Noticed Erolcha
 27217 | Orc:1    | Found a dark tunnel.
 27222 | Orc:1    | Killed Erolcha
 27234 | Volcano  | Entered a volcano
 27590 | Volcano  | Reached XP level 16. HP: 137/137 MP: 27/27
 28188 | Orc:2    | Entered Level 2 of the Orcish Mines
 28194 | Orc:2    | Found a staircase to the Elven Halls.
 28237 | Orc:2    | Found a gate leading to a gauntlet.
 28242 | Gauntlet | Entered a Gauntlet
 28242 | Gauntlet | Found a transporter.
 28251 | Gauntlet | Found a transporter.
 28263 | Gauntlet | Found a transporter.
 28267 | Gauntlet | Found a transporter.
 28288 | Gauntlet | Found a transporter.
 28298 | Gauntlet | Found a transporter.
 28311 | Gauntlet | Found a transporter.
 28331 | Gauntlet | Found a transporter.
 28335 | Gauntlet | Found a transporter.
 28336 | Gauntlet | Identified the ring "Zuid Isahapo" {rElec Slay+4}
 28340 | Gauntlet | Found a runed translucent door.
 28344 | Gauntlet | Reached ****** piety under Ashenzari
 28345 | Gauntlet | Found a transporter.
 28364 | Gauntlet | Found a transporter.
 28365 | Gauntlet | Identified the ring "Pireen" {+Blink rPois Str+5 Slay-4
                  | Stlth+}
 28368 | Gauntlet | Found a transporter.
 28421 | Gauntlet | Reached skill level 5 in Hexes
 28610 | Gauntlet | Identified the ring of the Thistle {rC+ rN+ Will++ MP+9
                  | Int-2}
 28611 | Gauntlet | Identified the ring "Korriasm" {Fire rElec Str+3}
 30593 | Orc:2    | Found Giymaose's Antique Armour Shoppe.
 30593 | Orc:2    | Found Xanex's Assorted Antiques.
 30593 | Orc:2    | Found Anelabun's Book Emporium.
 30600 | Orc:2    | Found Ypyez's Weapon Emporium.
 30603 | Orc:2    | Bought a runed hat for 217 gold pieces
 30606 | Orc:2    | Bought a potion of heal wounds for 160 gold pieces
 30606 | Orc:2    | Bought a scroll labelled WIARPH EW HASON for 32 gold pieces
 31176 | Swamp:1  | Entered Level 1 of the Swamp
 31176 | Swamp:1  | Noticed Donald
 31204 | Lair:4   | Killed Donald
 31398 | Swamp:1  | Learned a level 5 spell: Lee's Rapid Deconstruction
 31487 | Swamp:1  | Noticed Frances
 31916 | Lair:4   | Killed Frances
 32361 | Swamp:1  | Acquired a manual of Dodging
 33196 | Swamp:2  | Slain by an alligator

Illustrated notes

Levels and vault maps discovered:
D:1:      evilmike_arrival_rings, layout_loops_corners, grunt_decor_junction
D:2:      layout_basic, uniq_crazy_yiuf_cottage, uniq_terence, uniq_natasha
D:3:      layout_loops_ring, skrybe_limestone_x, grunt_ministairs_3
D:4:      layout_rooms, serial_shops, shop, serial_bayou_lake_a
D:5:      layout_loops_ring, enter_ossuary_5, hangedman_ru_absence
D:6:      layout_cave_pools, temple_fountains, minmay_manual_moon
D:7:      layout_rooms, minmay_crystal_water
D:8:      layout_cave_pools, serial_shops, nicolae_shop_crystal
D:9:      layout_cave_pools, overflow_temple_1_default, minmay_lair_entry_grove
D:10:     layout_irregular_city, nicolae_trove_entry_diagonal, uniq_maggie
D:11:     layout_basic, elyvilon_altar_4
D:12:     layout_loops_ring, gammafunk_ghost_nasty_kobolds,
          lemuel_altar_in_water
D:13:     layout_gridville, grunt_ministairs_9
D:14:     layout_basic, lightli_vaults_fourway_checkpoint, nrook_campfire,
          uniq_kirke
D:15:     hangedman_depths_entry_civil_slaughter, layout_gridville,
          serial_shops, shop, minmay_misc_feat_secret_circle
Temple:   roderic_octagonal_lattice_temple
Lair:1:   layout_cave_pods
Lair:2:   layout_cave_pods, grunt_forest_stairs_clearing, lemuel_fruit_tree,
          infiniplex_staircase_pool, grunt_megastairs_3, serial_bayou_shore_a,
          uniq_fannar
Lair:3:   layout_cave_pods, minmay_snake_entry_six_corridors,
          nicolae_quartered_pool_super, st_stairs_7, roderic_batcave,
          uniq_rupert
Lair:4:   layout_loops_ring, palyth_hydra_swamp_entry
Lair:5:   layout_gridlike, grunt_megastairs_5
Lair:6:   hangedman_lair_in_review, layout_regular_city,
          guppyfry_lair_end_dragon, slime_altar_1, serial_bayou_shore_b,
          minmay_lair_oklob_chamber
Swamp:1:  layout_basic_swamp, serial_swamp_ruin, evilmike_swamp_ruin_house_5,
          evilmike_swamp_ruin_house_4, evilmike_swamp_ruin_house_2, swamp_pool5,
          uniq_donald, uniq_frances
Swamp:2:  layout_falls_marsh, nicolae_swamp_godswood
Snake:1:  layout_rooms, serial_bayou_pond_e, hangedman_snake_corridor_split
Orc:1:    layout_diamond_mine, nicolae_volcano_entry_lava_flow, uniq_erolcha
Orc:2:    st_orc_mages, layout_diamond_mine, gauntlet_entry_generic

Skill      XL: |  1  2  3  4  5  6  7  8  9 10 11 12 13 14 15 16 |
---------------+-------------------------------------------------+-----
Throwing       | 2 |  2.0
Dodging        | 3 4 5 6 7 8 9 10 11 12 13 14 | 14.1
Fighting       | 3 4 6 8 10 11 12 | 12.0
Long Blades    | 4 5 6 7 8 10 11 12 13 14 15 | 15.1
Shields        | 1 2 5 8 10 12 13 | 13.7
Evocations     | 2 6 9 10 | 10.0
Spellcasting   | 1 5 7 8 |  8.9
Stealth        | 5 |  5.0
Hexes          | 4 6 |  6.4

Action                   |  1- 3 |  4- 6 |  7- 9 | 10-12 | 13-15 | 16-18 || total
-------------------------+-------+-------+-------+-------+-------+-------++-------
Melee: Long sword        |    68 |   209 |   343 |   337 |       |       ||   957
       Tailslap          |     5 |    31 |    64 |   132 |   298 |    63 ||   593
       Dagger            |       |       |       |   156 |   332 |       ||   488
       Scimitar          |       |       |       |       |   840 |   350 ||  1190
Throw: Throwing net      |       |       |       |     1 |       |       ||     1
Invok: Curse Item        |       |       |     1 |     1 |     3 |     2 ||     7
 Abil: Breathe Steam     |       |       |    16 |    33 |    38 |    15 ||   102
Evoke: Wand              |       |       |       |     7 |     4 |     3 ||    14
       Tin of tremorston |       |       |       |       |     4 |       ||     4
  Use: Scroll            |       |     1 |    13 |     7 |    15 |    10 ||    46
       Potion            |       |       |       |       |     2 |     3 ||     5
 Stab: Sleeping          |       |     3 |     3 |     2 |    29 |     2 ||    39
       Confused          |       |       |       |       |     2 |       ||     2
       Paralysed         |       |       |       |       |       |     3 ||     3
       Distracted        |       |       |       |       |       |     1 ||     1
Armor: Skin              |    37 |    63 |    73 |    57 |   107 |    42 ||   379
Dodge: Dodged            |    45 |   137 |   173 |   237 |   446 |   217 ||  1255
Block: Other             |       |     8 |    47 |       |       |       ||    55
       Reflection        |       |       |     4 |    13 |    11 |    11 ||    39
       Buckler           |       |       |    86 |   335 |   632 |   256 ||  1309
       Rpst.: Long sword |    15 |    43 |    46 |    25 |       |       ||   129
       Scimitar          |       |       |       |       |    88 |    45 ||   133

Table legend: (Time is in decaauts)
 A = Elapsed time spent in this place.
 B = Non-inter-level travel time spent in this place.
 C = Inter-level travel time spent in this place.
 D = Time resting spent in this place.
 E = Time spent auto-exploring this place.
 F = Levels seen in this place.
 G = Mean time per level.
                   A        B        C        D        E       F      G
               +--------+--------+--------+--------+--------+-----+--------+
         Total |  32767 |  31745 |   1022 |   8967 |  16682 |  30 | 1092.2 |
       Dungeon |  16813 |  16334 |    479 |   3368 |   9766 |  15 | 1120.9 |
        Temple |    347 |    327 |     20 |      0 |    321 |   1 |  347.0 |
          Lair |  10192 |   9765 |    427 |   3731 |   4520 |   6 | 1698.7 |
         Swamp |   1301 |   1290 |     11 |    279 |    756 |   2 |  650.5 |
     Snake Pit |      1 |      1 |      0 |      0 |      0 |   1 |    1.0 |
  Orcish Mines |   2747 |   2663 |     84 |    942 |   1142 |   2 | 1373.5 |
       Ossuary |    386 |    386 |      0 |    168 |     22 |   1 |  386.0 |
       Volcano |    383 |    383 |      0 |    202 |     17 |   1 |  383.0 |
      Gauntlet |    594 |    594 |      0 |    277 |    138 |   1 |  594.0 |
               +--------+--------+--------+--------+--------+-----+--------+

Top non-repeatable levels by time:
  Lair:6: 2860 daAuts
  Lair:4: 2247 daAuts
     D:2: 1805 daAuts
    D:13: 1763 daAuts
   Orc:1: 1683 daAuts
  Lair:2: 1566 daAuts
    D:11: 1554 daAuts
    D:12: 1486 daAuts
    D:15: 1452 daAuts
  Lair:3: 1441 daAuts
 Swamp:1: 1261 daAuts
  Lair:5: 1221 daAuts
     D:8: 1151 daAuts
    D:14: 1073 daAuts
   Orc:2: 1064 daAuts
